 Dungeon Crawl Stone Soup version 0.20.1-1-g8b1a95d (webtiles) character file.

62 tidbits the Insei (level 3, -7/28 HPs)
             Began as a Demigod Transmuter on Aug 11, 2017.
             Killed by divine providence
             ... invoked by an orc priest
              (15 damage)
             ... on level 3 of the Dungeon.
             The game lasted 00:10:12 (993 turns).

tidbits the Insei (Demigod Transmuter)               Turns: 993, Time: 00:10:13

Health: -7/28      AC:  2    Str: 13    XL:     3   Next: 60%
Magic:  1/9        EV: 12    Int: 17    God:
Gold:   173        SH:  4    Dex: 16    Spells: 0/6 levels left

rFire    . . .     SeeInvis .     - Unarmed
rCold    . . .     Gourm    .   (no shield)
rNeg     . . .     Faith    .   b - +0 robe
rPois    .         Spirit   .   (helmet restricted)
rElec    .         Reflect  .   (no cloak)
rCorr    +         Harm     .   (no gloves)
MR       .....     Clarity  +   (no boots)
Stlth    ++........             (no amulet)
Regen    0.1/turn               K - ring of resist corrosion
MPRegen  0.2/turn               (no ring)

@: very slightly contaminated
A: horns 1, large bone plates 1, clarity, dopey 1, high mp 1
a: no special abilities


You were on level 3 of the Dungeon.
You were not hungry.

You visited 1 branch of the dungeon, and saw 3 of its levels.

You collected 173 gold pieces.

Inventory:

Hand Weapons
 f - a +0 hunting sling
Missiles
 a - 33 arrows
 k - 31 stones (quivered)
Armour
 b - a +0 robe (worn)
 e - a +0 ring mail
Jewellery
 K - a ring of resist corrosion (left hand)
   (You found it on level 1 of the Dungeon)
Scrolls
 g - 2 scrolls of remove curse {unknown}
 h - a scroll of random uselessness {unknown}
 m - a scroll of teleportation {unknown}
 o - a scroll of magic mapping {unknown}
 p - a scroll of recharging {unknown}
Potions
 j - a potion of cancellation
 l - a potion of ambrosia
 q - 2 potions of might
 r - a potion of haste {unknown}
Books
 c - a book of Changes

   Spells                             Type                      Level
   a - Beastly Appendage              Transmutation                1
   b - Sticks to Snakes               Transmutation                2
   c - Spider Form                    Transmutation/Poison         3
   d - Ice Form                       Ice/Transmutation            4
   e - Blade Hands                    Transmutation                5
Comestibles
 d - a bread ration


   Skills:
 - Level 1.0 Fighting
 - Level 1.7 Dodging
 - Level 1.2 Stealth
 - Level 3.6 Unarmed Combat
 - Level 2.2 Spellcasting
 + Level 2.0 Transmutations


You couldn't memorise any spells.
You knew the following spells:

 Your Spells              Type           Power        Failure   Level  Hunger
e - Beastly Appendage     Tmut           #.....       9%          1    #......
k - Sticks to Snakes      Tmut           #.......     12%         2    ###....
p - Spider Form           Tmut/Pois      #.........   36%         3    ###....


Dungeon Overview and Level Annotations

Branches:
Dungeon (3/15)


Innate Abilities, Weirdness & Mutations

You have an increased reservoir of magic. (+10% MP)
You have a pair of small horns on your head.
You are partially covered in large bone plates. (SH +4)
You possess an exceptional clarity of mind.
You are dopey. (Int -2)


Message History

You bite the rat!
You kill the rat!
k - 30 stones (gained 2)
Things that are here:
a club; a kobold corpse Your transformation has ended.
Your +0 robe unmelds from your body.
k - 31 stones (gained 1)
A kobold comes into view. It is wielding a dagger.
Casting: Spider Form
Confirm with . or Enter, or press ? or * to list all spells.
You turn into a venomous arachnid creature.
Your +0 robe melds into your body.
You hit the kobold but do no damage.
The kobold is poisoned.
The kobold hits you but does no damage.
You completely miss the kobold.
You kill the kobold!
Your transformation is almost over.
Things that are here:
a dagger; a leather armour; 19 gold pieces You hit the worm but do no damage.
Your adder barely misses the worm.
The worm completely misses you.
You bite the worm!
The worm is moderately wounded.
Your adder bites the worm.
You hit the worm but do no damage.
The worm is poisoned.
The worm is heavily wounded.
Your adder barely misses the worm.
The worm misses you.
Your adder bites the worm.
The worm looks as sick as possible!
Your adder poisons the worm!
You hit the worm but do no damage.
The worm looks as sick as possible!
The worm is severely wounded.
Your adder bites the worm.
You hit the worm.
You kill the worm!
You swap places.
Your adder withers and dies!
Your transformation has ended.
Your +0 robe unmelds from your body.
You now have 173 gold pieces (gained 19).
Things that are here:
a dagger; a leather armour An orc comes into view.
It is wielding a mace.
Found a short sword.
Found a potion of might.
A hobgoblin comes into view.
The hobgoblin shouts!
Casting: Spider Form
Confirm with . or Enter, or press ? or * to list all spells.
You create a snake!
You now have 33 arrows.
Casting: Sticks to Snakes
Confirm with . or Enter, or press ? or * to list all spells.
You miscast Spider Form.
You are very lightly contaminated with residual magic.
Your skin tingles.
You hit the orc. Your headbutt misses the orc.
The orc is heavily wounded.
The orc hits you with a mace.
Your ball python bites the orc.
Your ball python grabs the orc.
Your ball python constricts the orc.
The orc dies!
Your Transmutations skill increases to level 2!
You hit the hobgoblin.
You kill the hobgoblin!
You swap places.
Found a hunting sling.
Things that are here:
a mace; an orc corpse
q - 2 potions of might (gained 1) As you open the door, it creaks loudly!
You hear an angry hiss.
A ball python comes into view.
Found a stone staircase leading down.
You hit the ball python. Your headbutt misses the ball python.
The ball python is heavily wounded.
The ball python bites you but does no damage.
The ball python closely misses you.
You barely miss the ball python. You headbutt the ball python.
You kill the ball python!
You see here a ball python corpse.
You see here a hunting sling.
f - a hunting sling
Found 2 meat rations.
An orc priest comes into view.
The orc priest invokes the aid of Beogh against you.
Beogh smites you!
Found 20 stones and a buckler.
An orc comes into view. It is wielding a dagger.
Casting: Spider Form
Confirm with . or Enter, or press ? or * to list all spells.
You miscast Spider Form.
Nothing appears to happen.
The orc shouts! 2 orcs come into view.
You swap places.
The orc priest mumbles some strange prayers to Beogh against you.
Beogh smites you!
* * * LOW HITPOINT WARNING * * *
The orc priest calls down the wrath of Beogh upon you.
Beogh smites you!
Ouch! That really hurt!
You die...

.# #.#.............# .#
#...............# .#
##†......†......#
#######..)...........# .o
......#..............# .o(
......#..............# .o.
........########.#######o#
......### #.........#
......# #@S....o..#
......# ##........#
......# #.......%# ......#
#........# ......#
#........# #######
#........# #.......%# ###
#........# #<# #........#


You could see an orc priest and a friendly ball python.

Vanquished Creatures
  An adder (D:3)
  A worm (D:3)
  A leopard gecko (D:2)
  A ball python (D:3)
  6 bats
  A giant cockroach (D:1)
  2 goblins (D:2)
  5 hobgoblins
  10 jackals
  7 kobolds
  3 frilled lizards (D:1)
  5 rats
43 creatures vanquished.

Vanquished Creatures (collateral kills)
  An orc (D:3)
  A hobgoblin (D:1)
  A bat (D:1)
3 creatures vanquished.

Grand Total: 46 creatures vanquished

Notes
Turn   | Place    | Note
-------+----------+-------------------------------------------
     0 | D:1      | tidbits the Demigod Transmuter began the quest for the Orb.
     0 | D:1      | Reached XP level 1. HP: 15/15 MP: 5/5
    11 | D:1      | Reached skill level 1 in Fighting
    40 | D:1      | Reached skill level 3 in Unarmed Combat
    50 | D:1      | Reached XP level 2. HP: 20/23 MP: 5/7
    54 | D:1      | Learned a level 2 spell: Sticks to Snakes
   551 | D:3      | Reached skill level 1 in Stealth
   556 | D:3      | Reached XP level 3. HP: 8/28 MP: 8/8
   869 | D:3      | Reached skill level 2 in Spellcasting
   893 | D:3      | Learned a level 3 spell: Spider Form
   903 | D:3      | Gained mutation: You are dopey. (Int -2) [potion of mutation]
   903 | D:3      | Gained mutation: You are partially covered in large bone plates. (SH +4) [potion of mutation]
   903 | D:3      | Gained mutation: You possess an exceptional clarity of mind. [potion of mutation]
   903 | D:3      | Gained mutation: You have a pair of small horns on your head. [potion of mutation]
   960 | D:3      | Reached skill level 2 in Transmutations
   993 | D:3      | Killed from afar by an orc priest

Skill      XL: |  1  2  3 |
---------------+----------+-----
Fighting       | 1 |  1.0
Unarmed Combat | 3 |  3.6
Stealth        | 1 |  1.2
Spellcasting   | 2 |  2.2
Transmutations | 2 |  2.0
Dodging        | |  1.7

Action                   || total
-------------------------++-------
Melee: Unarmed           ||   123
       Kick              ||    15
       Punch             ||     1
       Headbutt          ||     6
 Cast: Beastly Appendage ||    23
       Sticks to Snakes  ||     7
       Spider Form       ||     2
  Use: Scroll            ||     4
       Potion            ||     1
 Stab: Sleeping          ||     1
  Eat: Royal jelly       ||     1
Armor: Robe              ||    21
       Skin              ||     1
Dodge: Dodged            ||    62

Table legend:
 A = Turns spent in this place as a percentage of turns spent in the entire game.
 B = Non-inter-level travel turns spent in this place as a percentage of non-inter-level travel turns spent in the entire game.
 C = Inter-level travel turns spent in this place as a percentage of turns spent in this place.
 D = Turns resting spent in this place as a percentage of non-inter-level travel turns spent in this place.
 E = Turns spent auto-exploring this place as a percentage of non-inter-level travel turns spent in this place.
 F = Non-inter-level travel turns spent in this place divided by the number of levels of this place that you've seen.
                   A       B       C       D       E      F
               +-------+-------+-------+-------+-------+----------------------
         Total | 100.0 | 100.0 |   0.1 |   0.0 |   0.0 | 312.7
       Dungeon | 100.0 | 100.0 |   0.1 |   0.0 |   0.0 | 312.7
               +-------+-------+-------+-------+-------+----------------------

Table legend:
 A = Kills in this place as a percentage of kills in entire the game.
 B = Kills by you in this place as a percentage of kills by you in the entire game.
 C = Kills by friends in this place as a percentage of kills by friends in the entire game.
 D = Other kills in this place as a percentage of other kills in the entire game.
 E = Experience gained in this place as a percentage of experience gained in the entire game.
 F = Experience gained in this place divided by the number of levels of this place that you have seen.
                   A       B       C       D       E      F
               +-------+-------+-------+-------+-------+----------------------
         Total | 100.0 | 100.0 | 100.0 |  -nan | 100.0 |  29.7
       Dungeon | 100.0 | 100.0 | 100.0 |  -nan | 100.0 |  29.7
               +-------+-------+-------+-------+-------+----------------------

Vault maps used:
D:1:      matt_arrival_grand_opening, st_stairs_6
D:2:      marbit_many_paths
D:3:      cheibrodos_ashenzari_chains
